[Event "*** Titled Tuesday Blitz"]
[Site "Chess.com"]
[Date "2019.07.02"]
[Round "9"]
[White "Ceejay271"]
[Black "VeraNebolsina"]
[Result "0-1"]
[WhiteElo "2261"]
[BlackElo "2383"]
[TimeControl "180+2"]
[EndTime "15:03:08 PDT"]
[Termination "VeraNebolsina won by resignation"]

1. d4 Nf6 2. Nf3 g6 3. Bg5 Bg7 4. Nbd2 h6 5. Bh4 d6 6. e4 O-O 7. c3 c5 8. dxc5 dxc5 9. Be2 Nc6 10.
Qc2 Be6 11. O-O Qc8 12. Nc4 Nh5 13. Rfe1 Qc7 14. Ne3 Rad8 15. Rad1 g5 16. Bg3 Nxg3 17. hxg3 Ne5 18. Nxe5 Qxe5 19. Bg4 Bxg4 20. Nxg4 Qc7 21. Ne3 e6 22. a4 a6 23. Qb3 Qc6 24. f3 b5 25. axb5 axb5 26. Rxd8 Rxd8 27. Rd1 Ra8 28. Qc2 c4 29. Qd2 Qc7 30. Nf1 Be5 31. Kh2 b4 32. cxb4 Ra2 33. Qd8+ Qxd8 34. Rxd8+ Kg7 35. Rc8 Rxb2 36.
Rxc4 Re2 37. b5 Rb2 38. Ne3 Rxb5 39. Ng4 Bb8 40. Ne3 h5 41. Rc1 h4 42. Nf1 hxg3+ 43. Nxg3 g4 44. fxg4 Rb3 45. Rc8 Bxg3+ 46. Kh3 Be5+ 47.
Kh4 Rb1 48. g5 Rh1+ 49. Kg4 Re1 50. Kf3 Rf1+ 51. Ke2 Rf4 52. Ke3 Rg4 53. Rc5 Rxg5 54. Kf3 Bf6 55. Rc7 Rb5 56. Rd7 Rb3+ 57. Ke2 Kg6 58.
Rc7 Bg5 59. Rc6 Re3+ 60. Kf2 Rxe4 0-1

[Event "*** Titled Tuesday Blitz"]
[Site "Chess.com"]
[Date "2019.07.02"]
[Round "9"]
[White "SoltaniciR"]
[Black "BakaPG"]
[Result "1/2-1/2"]
[WhiteElo "2576"]
[BlackElo "2704"]
[TimeControl "180+2"]
[EndTime "15:03:21 PDT"]
[Termination "Game drawn - insufficient material"]

1. e4 e6 2. d4 d5 3. Bd3 Nf6 4. e5 Nfd7 5. Nf3 c5 6. c3 Nc6 7.
O-O Be7 8. a3 a6 9. b4 cxd4 10.
cxd4 b5 11. Nc3 Nb6 12. Ne2 g5 13. Be3 Nc4 14. Bxc4 dxc4 15. Nc3 g4 16. Ne1 Rg8 17. f4 Bb7 18. Nc2 f5 19. exf6 Bxf6 20. f5 e5 21. d5 Ne7 22. d6 Nc6 23. Bc5 Kf7 24. Nd5 Kg7 25. Nc7 Kh8 26. Nxa8 Bxa8 27. Qd2 e4 28. Rae1 Ne5 29. Ne3 Nd3 30. Qe2 h5 31. Rd1 Kh7 32. Nc2 Be5 33. Nd4 Bxd6 34. Bxd6 Qxd6 35. Ne6 Qe5 36.
Qe3 Bd5 37. Nf4 Bf7 38. Nxd3 cxd3 39. Rxd3 g3 40. hxg3 Rg7 41. Rd4 Rxg3 42. Qxe4 Qxe4 43. Rxe4 Bd5 44. Re2 Kg8 45. f6 Kf8 46. Rd2 Bc4 47. Rd8+ Kf7 48. Rd7+ Kf8 49. Rf5 Be6 50. Rfd5 Bxd5 51.
Rxd5 h4 52. Kh2 Rxa3 53. Rd7 Ra4 54. Ra7 Rxb4 55. Rxa6 Kf7 56. Kh3 Rf4 57. Rb6 b4 58. g3 hxg3 59. Kxg3 Rxf6 60. Rxb4 Rg6+ 61. Rg4 Rxg4+ 62.
Kxg4 1/2-1/2

[Event "*** Titled Tuesday Blitz"]
[Site "Chess.com"]
[Date "2019.07.02"]
[Round "9"]
[White "pandamaster3000"]
[Black "nitpicker"]
[Result "1-0"]
[WhiteElo "2287"]
[BlackElo "2234"]
[TimeControl "180+2"]
[EndTime "15:03:25 PDT"]
[Termination "pandamaster3000 won by resignation"]

1. e4 d5 2. exd5 Qxd5 3. Nc3 Qd8 4. Nf3 Nf6 5. Bc4 Bf5 6. d4 e6 7. O-O c6 8. Bg5 Nbd7 9. h3 Bd6 10. Qe2 Qc7 11.
d5 cxd5 12. Nxd5 Nxd5 13. Bxd5 O-O 14. Be4 Bxe4 15. Qxe4 Nc5 16. Qe2 Rac8 17. c3 a6 18. Rad1 b5 19. Rfe1 Na4 20. Rc1 Qc4 21. Qd2 Qc7 22.
Red1 Be7 23. Bxe7 Qxe7 24. b3 Nb6 25. Qd6 Qc7 26. Ne5 Nd5 27. Qxc7 Rxc7 28. c4 Rfc8 29. Ra1 Nc3 30. Rd3 Ne2+ 31. Kf1 Nf4 32. Rd4 g5 33. Rad1 Kg7 34. h4 h6 35. hxg5 hxg5 36. Rd7 Kf6 37. Rxc7 Rxc7 38. Re1 Ng6 39. Nxg6 Kxg6 40.
Rc1 Kf6 41. c5 Ke5 42. b4 Kd5 43. a3 a5 44. Ke2 axb4 45. axb4 Kc6 46. Rd1 Ra7 47.
Rd6+ Kc7 48. Rb6 Ra2+ 49. Kf3 Ra3+ 50. Kg4 Ra2 51. Kg3 Ra3+ 52. f3 Ra2 53. Rxb5 Kc6 54.
Rb6+ Kd5 55. Rd6+ Kc4 56. c6 Ra8 57. c7 Rc8 58. Rc6+ Kb5 59. Rc1 Kxb4 60. Kg4 f6 61. Kh5 Kb5 62. Kg6 f5 63. Kxg5 Kb6 64. Kf6 Kb7 65.
Kxe6 Re8+ 66. Kd7 Rc8 67. Rb1+ 1-0

[Event "*** Titled Tuesday Blitz"]
[Site "Chess.com"]
[Date "2019.07.02"]
[Round "9"]
[White "MikeSailer"]
[Black "Andrii_Prydun"]
[Result "0-1"]
[WhiteElo "2067"]
[BlackElo "2302"]
[TimeControl "180+2"]
[EndTime "15:03:35 PDT"]
[Termination "Andrii_Prydun won by resignation"]

1. b4 e6 2. Bb2 Nf6 3. b5 d5 4. e3 Be7 5. Nf3 O-O 6. Be2 a6 7. a4 axb5 8. axb5 Rxa1 9. Bxa1 c6 10. O-O Bd7 11. c4 dxc4 12. bxc6 Bxc6 13. Bxc4 Bd5 14. Bxd5 Nxd5 15. Nc3 Nc6 16. Nxd5 Qxd5 17. Qb1 b5 18. Rc1 Rb8 19. Qc2 Rb6 20. Nd4 Nxd4 21. Qc8+ Qd8 22.
Bxd4 Rb8 23. Qxd8+ Bxd8 24. Kf1 f6 25. f4 Kf7 26.
Ke2 Ke7 27. Bc5+ Kd7 28. Kd3 Ra8 29. Bf8 g6 30. Rc5 Ke8 31. Bd6 Kd7 32. Bf8 Ke8 33.
Bd6 Ra6 34. Bc7 Ra3+ 35. Kc2 Ra2+ 36. Kc3 b4+ 37. Kb3 Rxd2 38. Bxd8 Kxd8 39. Kxb4 Rxg2 40.
Rc6 Kd7 41. Ra6 Rxh2 42. Ra7+ Kd6 43. Ra6+ Kd5 44. Ra5+ Ke4 45. Ra6 Kxe3 46. Rxe6+ Kxf4 47. Rxf6+ Kg5 48. Rf8 h5 49. Kc3 Rh3+ 50. Kd2 Rg3 51.
Ke2 h4 52. Kf2 Kg4 53. Rg8 g5 54. Rg7 Ra3 55. Kg2 Ra2+ 56. Kg1 h3 57. Kh1 Ra5 58.
Kh2 Ra2+ 59. Kh1 Kf4 60. Kg1 g4 61. Kh1 Kg3 62. Ra7 Rxa7 0-1

[Event "*** Titled Tuesday Blitz"]
[Site "Chess.com"]
[Date "2019.07.02"]
[Round "9"]
[White "DerSchachaffe"]
[Black "1d4_1-0"]
[Result "1-0"]
[WhiteElo "2454"]
[BlackElo "2226"]
[TimeControl "180+2"]
[EndTime "15:03:37 PDT"]
[Termination "DerSchachaffe won by resignation"]

1. e4 e5 2. Nf3 Nc6 3. d4 exd4 4. Nxd4 Nf6 5. Nxc6 bxc6 6. e5 Qe7 7. Qe2 Nd5 8. c4 Ba6 9. Nd2 g6 10. Nf3 Bg7 11.
Bg5 Qb4+ 12. Qd2 Qxd2+ 13. Bxd2 Nb6 14. b3 O-O 15. O-O-O d5 16. exd6 cxd6 17. Kc2 Bc8 18. Bd3 a5 19. Bc3 a4 20. Bxg7 Kxg7 21. b4 Be6 22. Kc3 c5 23. bxc5 dxc5 24. Rb1 Rab8 25. Rb5 a3 26. Rhb1 Na4+ 27. Kc2 Nb2 28. Rxb8 Rxb8 29.
Ng5 Bd7 30. Ne4 Ba4+ 31. Kc3 Nd1+ 32. Kd2 Rb2+ 33. Rxb2 Nxb2 34. Nxc5 Bc6 35. g3 Kf6 36.
Kc3 Ke5 37. Be2 Kd6 38. Nd3 Nxd3 39. Bxd3 Ba4 40. Kb4 Bd1 41. c5+ Kc6 42. Be4+ Kc7 43. Kxa3 Be2 44. Kb4 f5 45. Bd5 Bd3 46. f4 h6 47. h4 Be2 48. Bf7 Bh5 49. a4 Kb7 50.
a5 Ka7 51. Bd5 Ka6 52. Bc4+ Kb7 53. Kb5 Bf3 54. a6+ Ka7 55. c6 Kb8 56. Kb6 Bd5 57.
a7+ Ka8 58. Ba6 Bxc6 59. Kxc6 Kxa7 60. Bd3 Kb8 61. Kd6 1-0

[Event "*** Titled Tuesday Blitz"]
[Site "Chess.com"]
[Date "2019.07.02"]
[Round "9"]
[White "rasmussvane"]
[Black "mbojan"]
[Result "1-0"]
[WhiteElo "2888"]
[BlackElo "2606"]
[TimeControl "180+2"]
[EndTime "15:03:40 PDT"]
[Termination "rasmussvane won by resignation"]

1. Nf3 g6 2. e4 Bg7 3. d4 d6 4.
Bd3 Nf6 5. O-O Nc6 6. c3 e5 7. h3 O-O 8. Re1 Nh5 9. Bg5 Bf6 10.
Be3 Bg7 11. Nbd2 Qe8 12. dxe5 Nxe5 13. Be2 Nxf3+ 14. Bxf3 Nf6 15. Bd4 Be6 16. Qc2 Nd7 17.
Bxg7 Kxg7 18. Be2 f5 19. exf5 Bxf5 20. Bd3 Bxd3 21. Qxd3 Qf7 22. Nf3 Kg8 23. Re2 Rae8 24. Rxe8 Rxe8 25. Qb5 Nc5 26. Ng5 Qe7 27. Qc4+ Kg7 28.
Nf3 Qe6 29. Qd4+ Qf6 30. Qd2 a6 31. Nh2 h5 32. Nf3 Nd7 33. Nd4 Rf8 34. Re1 Ne5 35. f4 Nc4 36. Qe2 d5 37. Ne6+ Kg8 38. Nxf8 Qxf8 39.
b3 Nd6 40. Qe6+ Qf7 41. Qxf7+ Kxf7 42. Rd1 Ke6 43. Rd3 c6 44. Kf2 a5 45. Kf3 Nf5 46.
g4 hxg4+ 47. hxg4 Nd6 48. Re3+ Kf6 49. Re1 Nb5 50. Re3 Nd6 51. Ke2 b5 52. Kd3 b4 53.
cxb4 axb4 54. Kd4 Nb7 55. Re5 Nd8 56. Kc5 Ne6+ 57. Rxe6+ Kxe6 58. Kxb4 d4 59. Kc4 c5 60. a4 Kd6 61. a5 Kc6 62. f5 gxf5 63. gxf5 Kc7 64.
f6 Kd6 65. a6 Ke6 66. a7 Kxf6 67. a8=Q d3 68. Qf3+ Ke6 69. Qxd3 Ke7 70. Qg6 Kd7 71. Kxc5 Kc7 72. Qf7+ Kb8 73. Kb6 1-0

[Event "*** Titled Tuesday Blitz"]
[Site "Chess.com"]
[Date "2019.07.02"]
[Round "9"]
[White "tunadrol"]
[Black "wnstop"]
[Result "0-1"]
[WhiteElo "2460"]
[BlackElo "2689"]
[TimeControl "180+2"]
[EndTime "15:03:44 PDT"]
[Termination "wnstop won by resignation"]

1. e4 c5 2. Nf3 Nc6 3. d4 cxd4 4. Nxd4 e5 5. Nb5 d6 6. N1c3 a6 7. Na3 Be7 8. Nd5 Nf6 9. Nxe7 Qxe7 10. f3 O-O 11. c4 b5 12. Be3 bxc4 13. Bxc4 Be6 14.
O-O d5 15. exd5 Rfd8 16. Bg5 Bxd5 17. Bxf6 Qc5+ 18. Kh1 Bxc4 19. Bxd8 Bxf1 20. Rc1 Qf2 21. Qxf1 Qxf1+ 22. Rxf1 Rxd8 23. Nc4 f5 24. h3 Kf7 25.
Rc1 Ke6 26. Nb6 Nd4 27. Rc7 e4 28. fxe4 fxe4 29. Nc4 Nf5 30. g4 Ne7 31. Kg2 Rd3 32. Rc5 Ng6 33. Rc6+ Kd5 34. Rc7 Nf4+ 35. Kf2 Nxh3+ 36.
Ke2 Nf4+ 37. Kf2 Rf3+ 38. Ke1 Ne6 39. Nb6+ Ke5 40. Re7 Rf4 41. Nc4+ Kf6 42. Ra7 Rxg4 43. Rxa6 h5 44. Ne3 Rg5 45. b4 h4 46. Ra8 Rg3 47.
Kf2 Rf3+ 48. Ke2 Nf4+ 49. Kd2 Ng6 50. Nd5+ Kg5 51. Ra5 Rf5 52. Ne3 Rxa5 53. bxa5 Ne5 54. a6 Nc6 55. Nf1 Kf4 56. Ke2 g5 57. a4 g4 58. Kf2 g3+ 59. Kg2 e3 60. Nxe3 Kxe3 61. a5 Kf4 62. Kh3 Kf3 63. Kxh4 g2 64. Kg5 g1=Q+ 65.
Kf5 Qa7 0-1

[Event "*** Titled Tuesday Blitz"]
[Site "Chess.com"]
[Date "2019.07.02"]
[Round "9"]
[White "Spring199"]
[Black "deBaller"]
[Result "1/2-1/2"]
[WhiteElo "2186"]
[BlackElo "2359"]
[TimeControl "180+2"]
[EndTime "15:03:47 PDT"]
[Termination "Game drawn by repetition"]

1. d4 e6 2. c4 Nf6 3. Nf3 Bb4+ 4. Bd2 a5 5. g3 d6 6. Bg2 Nc6 7. O-O Bxd2 8. Nbxd2 O-O 9. e3 e5 10. d5 Ne7 11. Nh4 Nd7 12. e4 f5 13. exf5 Nxf5 14.
Nxf5 Rxf5 15. Be4 Rf8 16. Bg2 Nc5 17. Ne4 b6 18. Nxc5 bxc5 19. Be4 Qf6 20. Qc2 g6 21.
Rad1 Rb8 22. b3 Bh3 23. Rfe1 Rb4 24. Rd3 a4 25. Rf3 axb3 26. axb3 Qe7 27. Rxf8+ Qxf8 28. Ra1 Kg7 29. Ra7 Qb8 30. Ra3 Rb7 31. Qa2 Qd8 32.
Qd2 Qf6 33. Bg2 Bf5 34. h3 h5 35. Kh2 Rb8 36. Ra7 Qe7 37. Qa5 Rc8 38. b4 cxb4 39.
Qxb4 Rf8 40. Qa5 Rf7 41. Ra8 h4 42. Qb5 Rf8 43. Ra7 Rf7 44. Qc6 Bd3 45. g4 g5 46.
Kg1 Kh6 47. Ra8 Qf6 48. f3 Qf4 49. Qe8 Bh7 50. Rd8 e4 51. fxe4 Qf2+ 52. Kh2 Qg3+ 53.
Kh1 Qe1+ 54. Kh2 Qg3+ 55. Kg1 Qf2+ 56. Kh1 Qe1+ 57. Kh2 Qg3+ 1/2-1/2

[Event "*** Titled Tuesday Blitz"]
[Site "Chess.com"]
[Date "2019.07.02"]
[Round "9"]
[White "playerorkinyo"]
[Black "nubair1198"]
[Result "0-1"]
[WhiteElo "2402"]
[BlackElo "2638"]
[TimeControl "180+2"]
[EndTime "15:03:49 PDT"]
[Termination "nubair1198 won by resignation"]

1. c4 Nf6 2. Nc3 g6 3. e4 Bg7 4.
d4 O-O 5. Be2 d6 6. Be3 e5 7. d5 Na6 8. g4 Nc5 9. f3 a5 10. h4 h5 11. g5 Nh7 12. Qd2 a4 13.
O-O-O f5 14. Nh3 f4 15. Bg1 Bd7 16. Nf2 Qb8 17. Nd3 b6 18. Kc2 Rf7 19. Bf2 Nf8 20. Ra1 Be8 21. b4 axb3+ 22. axb3 c6 23. b4 Nxd3 24. Bxd3 Rfa7 25. Kb2 c5 26. Rxa7 Qxa7 27.
bxc5 bxc5 28. Rb1 Qa3+ 29. Kc2 Ra4 30. Qc1 Ra5 31. Qxa3 Rxa3 32. Kb2 Ra6 33. Ra1 Rxa1 34. Kxa1 Kf7 35. Bc2 Bd7 36. Kb2 Ke7 37. Ka3 Kd8 38.
Ba4 Bh3 39. Bb5 Nd7 40. Bxd7 Kxd7 41. Nb1 Bf8 42. Nd2 Be7 43. Kb3 Bd8 44. Be1 Ba5 45. Kc2 Bg2 46. Kd3 Bxd2 47. Bxd2 Bxf3 48. Be1 Kc7 49. Bd2 Kb6 50. Be1 Bg2 51. Bd2 Bf1+ 52.
Kc3 Be2 53. Be1 Ka6 54. Bd2 Bg4 55. Be1 Bd7 56. Kd2 Ka5 57. Kd3+ Ka4 58. Kc3 Ka3 59. Bd2 Bh3 60. Be1 Bg2 61. Kd3 Kb3 62. Ba5 Bf1+ 63. Kd2 Kxc4 64. Bc7 Bg2 65. Bxd6 Kd4 66. Bf8 Bxe4 67.
d6 Bc6 0-1

[Event "*** Titled Tuesday Blitz"]
[Site "Chess.com"]
[Date "2019.07.02"]
[Round "9"]
[White "Palacios-LLera"]
[Black "NemtsevIgor"]
[Result "1/2-1/2"]
[WhiteElo "2409"]
[BlackElo "2296"]
[TimeControl "180+2"]
[EndTime "15:03:50 PDT"]
[Termination "Game drawn by stalemate"]

1. d4 c6 2. c4 d6 3. Nc3 h6 4. g3 g5 5. Bg2 Bg7 6. e4 Nd7 7. Nge2 Nf8 8. Be3 Nf6 9. Qc2 Ng6 10. h3 Qa5 11. a3 a6 12. b4 Qc7 13. O-O e5 14. d5 Nf4 15. gxf4 gxf4 16. Nxf4 exf4 17.
Bxf4 Nh5 18. Bh2 Qe7 19. f4 Rg8 20. Rf3 Bd4+ 21. Kh1 Bd7 22. Rd1 c5 23. Ne2 Qf6 24. Nxd4 cxd4 25. Qd2 Qg7 26. e5 O-O-O 27. Rg1 Bf5 28.
Qxd4 Qh7 29. exd6 Be4 30. Re3 Bxg2+ 31. Rxg2 Rxg2 32. Kxg2 Qc2+ 33. Kf1 Kb8 34. d7 Rxd7 35. f5+ Qxh2 36. Re8+ Rd8 37. Rxd8+ Kc7 38. Re8 Ng3+ 39. Ke1 Qh1+ 40. Kd2 Qg2+ 41. Kd3 Qf1+ 42. Kc2 Qxf5+ 43.
Qd3 Qf2+ 44. Kb3 Nf5 45. d6+ Kd7 46. Re5 Nd4+ 47. Ka4 b5+ 48. cxb5 axb5+ 49. Rxb5 Nxb5 50. Qxb5+ Kxd6 51. Qa6+ Kc7 52. Qxh6 Qa7+ 53. Kb5 Qb7+ 54. Kc5 Qa7+ 55. Kc4 Qxa3 56. Qf4+ Kd7 57. Qxf7+ Kc6 58. Qd5+ Kb6 59. Qc5+ Kb7 60. Qd5+ Kc7 61. h4 Qa2+ 62.
Kc5 Qf2+ 63. Kb5 Qxh4 64. Qc5+ Kb7 65. Qc6+ Kb8 66. Ka5 Qd8+ 67. Ka6 Qd3+ 68. Qb5+ Qxb5+ 69. Kxb5 Kb7 70. Ka5 Ka7 71. Kb5 Kb7 72. Kc5 Kc7 73. b5 Kb7 74. b6 Kb8 75. Kb5 Kb7 76. Ka5 Kb8 77. Ka6 Ka8 78. Ka5 Kb7 79. Kb5 Kb8 80. Kc6 Kc8 81. b7+ Kb8 82. Kb6 1/2-1/2

[Event "*** Titled Tuesday Blitz"]
[Site "Chess.com"]
[Date "2019.07.02"]
[Round "9"]
[White "JuliaEfremova"]
[Black "NM2019"]
[Result "1-0"]
[WhiteElo "2011"]
[BlackElo "2142"]
[TimeControl "180+2"]
[EndTime "15:03:55 PDT"]
[Termination "JuliaEfremova won on time"]

1. d4 e6 2. Bf4 f5 3. e3 Nf6 4. Nf3 Be7 5. Be2 O-O 6. O-O Ne4 7. c4 d6 8. Nc3 g5 9. Bg3 Nxc3 10.
bxc3 h5 11. h3 g4 12. hxg4 hxg4 13. Nh2 Nd7 14. Bxg4 fxg4 15. Qxg4+ Bg5 16. Qxe6+ Rf7 17. Ng4 Nf8 18. Nh6+ Bxh6 19. Qxh6 Rh7 20. Qf4 Qe8 21. f3 Ng6 22. Qg5 Rg7 23. Kf2 Be6 24. d5 Bf7 25.
Rh1 Ne5 26. Qh6 Nd3+ 27. Ke2 Bg6 28. Bh4 Qe5 29. Bg5 Kf7 30. e4 Rh7 31. Qxh7+ Bxh7 32. Rxh7+ Kg6 33. Rah1 Qxg5 34. Kxd3 Rg8 35. g4 Rg7 36. R7h5 Qf4 37. Rf5 Qg3 38. Rhh5 Qf2 39. Rhg5+ Kh7 40. Rh5+ Kg8 41. Rf6 Qxa2 42. Rhf5 Qb1+ 43. Kd2 Qb2+ 44.
Kd3 Qb1+ 45. Ke3 Qc1+ 46. Kf2 Qd2+ 47. Kg3 Qe1+ 48. Kf4 Qd2+ 49. Kg3 Qe1+ 50. Kg2 Qe2+ 51. Kg3 Rh7 52. Rg5+ Rg7 53. Rgf5 Qe3 54. Rf8+ Kh7 55. Rh5+ Kg6 56. Rff5 a5 57. Rh8 a4 58. Rhf8 Qxc3 59. g5 Qe5+ 60. Kg4 1-0

[Event "*** Titled Tuesday Blitz"]
[Site "Chess.com"]
[Date "2019.07.02"]
[Round "9"]
[White "OparinGrigoriy"]
[Black "Alexander_Moskalenko"]
[Result "1/2-1/2"]
[WhiteElo "2996"]
[BlackElo "2886"]
[TimeControl "180+2"]
[EndTime "15:03:56 PDT"]
[Termination "Game drawn - insufficient material"]

1. Nf3 c5 2. c4 Nc6 3. d4 cxd4 4. Nxd4 Nf6 5. Nc3 e6 6. e4 Bb4 7. Nxc6 dxc6 8. Qxd8+ Kxd8 9. e5 Ne4 10. a3 Bxc3+ 11.
bxc3 b6 12. Be3 Kc7 13. Bd3 Nc5 14. Bxc5 bxc5 15. O-O-O Rb8 16. Kc2 Bd7 17. h4 Rb6 18. Rb1 h6 19. Rh3 Kd8 20. h5 Ke7 21. Rxb6 axb6 22.
Rg3 Rg8 23. Bh7 Rh8 24. Be4 Rg8 25. f4 f5 26. Bf3 Kf7 27. Rh3 Ra8 28. Kb3 Ke7 29.
Rh1 Be8 30. Rb1 Ra7 31. Kc2 Ra6 32. Kb3 Ra7 33. Ka2 Ra6 34. Rd1 b5 35. Kb3 bxc4+ 36. Kb2 Bd7 37. Ra1 Ra4 38. Bd1 Ra7 39. a4 Bc8 40. Bf3 Rd7 41. Kc2 Ra7 42. Bxc6 Bd7 43. Bxd7 Kxd7 44. g3 Kc6 45. Rd1 Rxa4 46. Rd6+ Kb5 47.
Rxe6 Ra2+ 48. Kb1 Re2 49. Kc1 Re3 50. Kc2 Rxg3 51. Rg6 Rf3 52. Rxg7 Rxf4 53. Rg6 Re4 54. e6 Kc6 55. Rxh6 Kd6 56. Kd2 Ke7 57. Rg6 Rh4 58. h6 Rh3 59. Kc2 Rh2+ 60. Kd1 f4 61. Ke1 Rh3 62. Kf2 Rxc3 63. Kg2 f3+ 64. Kf2 Rc2+ 65.
Kxf3 Rh2 66. Rg5 Rxh6 67. Rxc5 Rf6+ 68. Ke4 Rxe6+ 69. Kd4 Rd6+ 70. Kxc4 Kd7 71. Rd5 Kc6 72. Rxd6+ Kxd6 1/2-1/2

[Event "*** Titled Tuesday Blitz"]
[Site "Chess.com"]
[Date "2019.07.02"]
[Round "9"]
[White "ChainsOfFantasia"]
[Black "WPWPWP-2015"]
[Result "1-0"]
[WhiteElo "2454"]
[BlackElo "2387"]
[TimeControl "180+2"]
[EndTime "15:03:57 PDT"]
[Termination "ChainsOfFantasia won by checkmate"]

1. d4 Nf6 2. Nf3 e6 3. Bf4 c5 4. e3 b6 5. Bd3 Bb7 6. O-O Be7 7. c3 O-O 8. Nbd2 d6 9. Qe2 Re8 10. h3 a6 11. a4 Nbd7 12. e4 Bf8 13. Bh2 cxd4 14. cxd4 e5 15. dxe5 Nxe5 16. Nxe5 dxe5 17.
Nc4 Nd7 18. Ne3 Nc5 19. Rfd1 Nxd3 20. Rxd3 Qg5 21. Nd5 Qd8 22. Rad1 Bc5 23. Ne3 Qg5 24. Nf5 Bc6 25. Rg3 Qf6 26. Rxg7+ Kf8 27. Qg4 Qg6 28. Rxg6 hxg6 29. Nd6 Re6 30. Nc4 Bxa4 31. Rd5 Bb3 32.
Nxe5 Rae8 33. Nd7+ Kg8 34. Nxc5 bxc5 35. Bg3 Rxe4 36. Qd7 Re1+ 37. Kh2 Bxd5 38. Qxd5 R1e2 39. b3 Rc2 40. Qc6 Re6 41. Qc8+ Kg7 42. Qd8 Rc1 43. Qd2 Ree1 44. Bf4 Kf8 45. Qd6+ Kg7 46. Be5+ Kh7 47. Qf6 Rxe5 48. Qxe5 Kg8 49. Qe8+ Kg7 50. Qe3 Rc2 51. f3 a5 52. Qd3 Rc1 53. Qd2 Rb1 54.
Qc3+ Kg8 55. Qxc5 Rxb3 56. Qxa5 Re3 57. Qa7 Re6 58. Kg3 Kg7 59. Qa1+ Kg8 60. h4 Rd6 61. Kg4 Rd7 62. f4 Rd2 63. Kg5 Rd5+ 64. Kg4 Rf5 65. g3 Rh5 66. Kf3 Rb5 67. Qc3 Rb8 68. g4 Ra8 69. h5 gxh5 70. gxh5 Kh7 71. Qf6 Ra7 72. h6 Ra3+ 73. Kg4 Rg3+ 74. Kxg3 Kg8 75. Qg7# 1-0

[Event "*** Titled Tuesday Blitz"]
[Site "Chess.com"]
[Date "2019.07.02"]
[Round "9"]
[White "moro182"]
[Black "David_Paravyan"]
[Result "1/2-1/2"]
[WhiteElo "2806"]
[BlackElo "2869"]
[TimeControl "180+2"]
[EndTime "15:04:13 PDT"]
[Termination "Game drawn - insufficient material"]

1. d4 Nf6 2. c4 e6 3. Nc3 Bb4 4. e3 O-O 5. Bd3 d5 6. Nf3 dxc4 7. Bxc4 c5 8. O-O cxd4 9. exd4 b6 10. Bg5 Bb7 11.
Rc1 h6 12. Bh4 Be7 13. Qe2 Nc6 14. Rfd1 Nb4 15. Ne5 Nfd5 16. Bxe7 Qxe7 17. a3 Nxc3 18. bxc3 Nd5 19. Bxd5 Bxd5 20. c4 Bb7 21. f4 Rac8 22. Rc3 Rfd8 23. Rg3 Rd6 24. Qh5 Kf8 25. f5 exf5 26.
Qxf5 Kg8 27. Rf1 f6 28. Ng4 Kh8 29. d5 Rxc4 30. Qg6 Bxd5 31. Nxh6 f5 32. Nxf5 Rxg6 33. Rh3+ Rh6 34. Rxh6+ gxh6 35. Nxe7 Be4 36. Rf4 b5 37. Nf5 Rc1+ 38. Kf2 Rc2+ 39. Ke3 Bxg2 40. Nd4 Rb2 41. Rf8+ Kg7 42. Rf2 Rxf2 43. Kxf2 Bh1 44. Nxb5 a6 45. Nc7 Bb7 46. Ne6+ Kf6 47. Nc5 Bc8 48. Ke3 Ke5 49. h4 Kd5 50. Nd3 Kc4 51. Ne5+ Kb3 52. Nf7 h5 53. Nd6 Be6 54. Kd3 a5 55. Kd2 a4 56.
Kc1 Kxa3 57. Kb1 Kb3 58. Ka1 Bd7 59. Ne4 Kc4 60. Nf6 Bg4 61. Kb2 Bf3 62. Ka3 Kb5 63.
Nd7 Bd1 64. Nf6 Be2 65. Ne4 Kc4 66. Nf6 Kd4 67. Kxa4 Ke5 68. Nxh5 Bxh5 69. Kb4 Kf4 70. Ka5 Kg4 71. Kb6 Kxh4 1/2-1/2

[Event "*** Titled Tuesday Blitz"]
[Site "Chess.com"]
[Date "2019.07.02"]
[Round "9"]
[White "dopolian"]
[Black "kosmeg"]
[Result "1/2-1/2"]
[WhiteElo "2353"]
[BlackElo "2464"]
[TimeControl "180+2"]
[EndTime "15:04:13 PDT"]
[Termination "Game drawn by repetition"]

1. e4 e5 2. Nf3 Nc6 3. Bb5 a6 4. Ba4 Nf6 5. O-O Be7 6. Re1 b5 7.
Bb3 d6 8. c3 O-O 9. h3 Nb8 10.
d4 Nbd7 11. Nbd2 Bb7 12. Bc2 Re8 13. b3 Bf8 14. Bb2 a5 15. c4 bxc4 16. dxe5 cxb3 17. Bxb3 Nxe5 18. Bxe5 dxe5 19. Ng5 Re7 20. Nxf7 Rxf7 21. Bxf7+ Kxf7 22. Qb3+ Bd5 23. exd5 Qxd5 24. Rxe5 Qxb3 25. Nxb3 Bb4 26. Rc1 Ra7 27. Rc6 a4 28. Nc5 Bc3 29. Re3 Bd4 30. Ra3 Ra5 31. Rxc7+ Kg6 32. Nxa4 Ne4 33.
Rc4 Bxf2+ 34. Kh2 Nd2 35. Rc6+ Kh5 36. Rd3 Nf1+ 37. Kh1 Rxa4 38. Rc2 Ng3+ 39. Kh2 Nf1+ 40. Kh1 Ba7 41. Rf3 Ne3 42. Re2 Nd1 43. Rd2 Ne3 44.
Re2 Nd1 45. Re5+ g5 46. Re2 Rd4 47. a3 Rd7 48. g4+ Kh4 49. Re6 h5 50. gxh5 Nf2+ 51.
Kg2 Rd2 52. Kf1 Nxh3 53. Re2 Rd1+ 54. Kg2 Nf4+ 55. Rxf4+ gxf4 56. Re7 Kg4 57. Rxa7 Rd2+ 58. Kf1 Kf3 59. Ke1 Rh2 60. Rb7 Rxh5 61. a4 Kg2 62. Kd2 f3 63. Rg7+ Kf1 64. Rf7 f2 65. Kc3 Re5 66.
Kb4 Ke2 67. Rxf2+ Kxf2 68. a5 Ke3 69. a6 Kd4 70. a7 Re8 71. Kb5 Kd5 72. Kb6 Kd6 73. Kb7 Re7+ 74. Kb6 Re8 75. Kb7 Re7+ 76. Kb6 Re8 1/2-1/2

[Event "*** Titled Tuesday Blitz"]
[Site "Chess.com"]
[Date "2019.07.02"]
[Round "9"]
[White "Witik"]
[Black "SanchezKelvin"]
[Result "1-0"]
[WhiteElo "2531"]
[BlackElo "2410"]
[TimeControl "180+2"]
[EndTime "15:04:21 PDT"]
[Termination "Witik won by resignation"]

1. d4 Nf6 2. c4 e6 3. Nf3 c5 4. d5 exd5 5. cxd5 g6 6. Nc3 Bg7 7. e4 d6 8. h3 O-O 9. Bd3 b5 10. Bxb5 Nxe4 11. Nxe4 Qa5+ 12. Nfd2 Qxb5 13. Nxd6 Qa6 14.
N2c4 Nd7 15. O-O Nb6 16. Nxb6 axb6 17. Bg5 f6 18. Bf4 b5 19. Nxc8 Raxc8 20. d6 Qc6 21. a4 b4 22. Qb3+ Kh8 23. Qc4 f5 24. Rad1 Rcd8 25.
b3 Qe4 26. Qxe4 fxe4 27. Be3 Rf5 28. g4 Re5 29. Rd2 Bf8 30. Rfd1 g5 31. a5 Kg7 32. a6 Kf6 33. a7 Ke6 34. d7 Be7 35. Ra2 Ra8 36. Ra6+ Kf7 37. Kg2 Re6 38. Rxe6 Kxe6 39. Bxc5 Bd8 40. Kf1 Ke5 41. Ke2 Bc7 42. Be7 Rxa7 43.
Bxg5 Ra2+ 44. Rd2 Ra3 45. d8=Q Bxd8 46. Bxd8 Rxb3 47. Bc7+ Ke6 48. Rd6+ Ke7 49. Rd4 Rxh3 50. Rxb4 Kd7 51. Bg3 h5 52. gxh5 Rxh5 53. Rxe4 Kc6 54. Ke3 Kd5 55. f3 Rh1 56. Rd4+ Ke6 57. Bf4 Re1+ 58.
Kf2 Ra1 59. Be3 Kf5 60. Rf4+ Ke5 61. Kg3 Ra3 62. Bd4+ Ke6 63. Re4+ Kf5 64. Re5+ Kg6 65. Kg4 Ra4 66. Re4 Ra2 67. Re6+ Kf7 68. Rf6+ Ke7 69. f4 Rg2+ 70. Kf5 Rd2 71. Be5 Rg2 72. Rh6 Kf7 73.
Rh7+ Kg8 74. Rg7+ Rxg7 75. Bxg7 Kxg7 76. Ke6 Kf8 77. Kf6 Ke8 78. Kg7 1-0

[Event "*** Titled Tuesday Blitz"]
[Site "Chess.com"]
[Date "2019.07.02"]
[Round "9"]
[White "jk13"]
[Black "Kubas1010"]
[Result "1-0"]
[WhiteElo "2599"]
[BlackElo "2618"]
[TimeControl "180+2"]
[EndTime "15:04:48 PDT"]
[Termination "jk13 won by resignation"]

1. e4 e5 2. Nf3 Nc6 3. Bc4 Bc5 4. c3 Nf6 5. d3 O-O 6. Bg5 h6 7. Bh4 Be7 8. O-O d6 9. Re1 Nh5 10. Bg3 Nxg3 11. hxg3 Bg4 12. Nbd2 Kh8 13. Nf1 Bg5 14.
N1h2 Be6 15. Bb5 Be7 16. d4 a6 17. Bxc6 bxc6 18. dxe5 Rb8 19. b3 c5 20. exd6 cxd6 21. c4 a5 22. Qd3 a4 23. Rab1 Rb4 24. Red1 Qb6 25. e5 dxe5 26. Nxe5 Rd8 27. Qf3 Kg8 28.
Rxd8+ Bxd8 29. Nc6 axb3 30. axb3 Bf6 31. Nxb4 Qxb4 32. Qd3 Bd4 33. Nf3 Bf6 34. Rd1 g6 35. Qe3 Kg7 36. Rd6 Qb8 37. Rc6 h5 38. Rxc5 Qd6 39.
Re5 Bxe5 40. Qxe5+ Qxe5 41. Nxe5 Kf6 42. f4 Kf5 43. Kf2 Ke4 44. Ke2 h4 45. gxh4 Kxf4 46. Nc6 Kg3 47. Nd8 Bg4+ 48. Ke3 f5 49. Ne6 Kxh4 50.
Kf4 Be2 51. g3+ Kh3 52. c5 Bb5 53. b4 Bd7 54. Ng5+ Kg2 55. Nf7 Bb5 56. Ne5 g5+ 57. Kxf5 Kxg3 58. Kxg5 Kf2 59. Kf6 Ke3 60. Ke6 Kd4 61.
Kd6 Kc3 62. Nc6 Kc4 63. Kc7 Ba4 64. Kb6 Kc3 65. Ne5 Kxb4 66. Nd3+ Kc3 67. Nf4 Be8 68. Nd5+ Kd4 69. Nc7 Ba4 70. Nb5+ Ke5 71. c6 Bd1 72. c7 Bg4 73. Kc6 Bf3+ 74. Kb6 Bg4 75. Na7 Kd6 76. Nc6 Bh3 77. Nd4 Bg4 78. Nb5+ Ke7 79. Kb7 Bf3+ 80. Kb8 Bg4 81. Nd4 Bh3 82. Nf3 Bg4 83.
Ne5 Bh3 84. Kb7 Ke8 85. Kc6 Bg2+ 86. Kd6 Bh3 87. Ng6 Bc8 88. Nf4 Bg4 89. Ne6 Kf7 90.
c8=Q 1-0